 Dungeon Crawl Stone Soup version 0.30.0-19-g36f170ea60 (webtiles) character file.

Game seed: 106895631847664262

3 Jannitor the Sneak (level 1, -2/20 HPs)
             Began as a Djinni Delver on May 28, 2023.
             Slain by an orc
             ... wielding a +0 falchion
              (4 damage)
             ... on level 3 of the Dungeon.
             The game lasted 00:02:10 (364 turns).

Jannitor the Sneak (Djinni Delver)                   Turns: 364, Time: 00:02:11

Health: -2/20      AC:  3    Str: 11    XL:     1   Next: 55%
Gold:   34         EV: 12    Int: 11    God:
                   SH:  0    Dex: 14

rFire   + + .        a - +0 falchion
rCold   x . .        (no shield)
rNeg    . . .        b - +0 leather armour
rPois   ∞            (no helmet)
rElec   .            (no cloak)
rCorr   .            (no gloves)
SInv    .            (boots unavailable)
Will    .....        (no amulet)
Stlth   ++           (no ring)
HPRegen 0.23/turn    (no ring)
MPRegen 0.00/turn

%: infuse magic (-3 HP)
@: flying, hasted, very quick
A: sickness immunity, fire resistance 2, cold vulnerability 1, float, innate
caster, HP casting, extra vitality 1
a: no special abilities


You were on level 3 of the Dungeon.
You visited 1 branch of the dungeon, and saw 3 of its levels.

You collected 34 gold pieces.

Inventory:

Hand Weapons
 a - a +0 falchion (weapon)
Missiles
 j - 8 poisoned darts (quivered)
Armour
 b - a +0 leather armour (worn)
Scrolls
 c - 2 scrolls of fog
 e - a scroll of fear
 k - a scroll of torment {unknown}
Potions
 h - a potion of heal wounds {unknown}
 i - 2 potions of curing {unknown}


   Skills:
 + Level 3.0 Fighting
 + Level 1.8 Long Blades
 + Level 2.3 Dodging
 + Level 4.1 Stealth You didn't know any spells. Your spell library was empty.

Dungeon Overview and Level Annotations

Branches:
Dungeon (5/15)             Temple (0/1) D:4

Altars:

Annotations:
D:5 exclusions: iguana and jelly


Innate Abilities, Weirdness & Mutations

You are immune to sickness and miasma.
You are immune to poison.
Your flesh is very heat resistant. (rF++)
You are vulnerable to cold. (rC-)
You float through the air rather than walking.
You learn spells naturally, not from books.
Your magical power is your life essence.
You have superior vitality. (+4 MHP)


Message History

There is a stone staircase leading down here.
Unknown command.
Something unseen opens the door.
An orc comes into view. It is wielding a +0 falchion.
There is an open door here.
There is a stone staircase leading down here.
Okay, then.
Unknown command.
Okay, then.
Unknown command.
Okay, then.
Unknown command.
Aiming: Dig
Press: ? - help, Shift-Dir - straight line A rock wall.
The rock shatters into small pieces.
Aiming: Dig
Press: ? - help, Shift-Dir - straight line You can't see that place.
The rock shatters into small pieces.
The orc warrior shouts!
The now-empty wand crumbles to dust.
There is an open door here.
The orc shouts!
The orc closely misses you. The orc closely misses you.
The orc attacks as you move away! The orc hits you with a +0 falchion.
The orc attacks as you move away! The orc closely misses you.
The orc attacks as you move away! The orc hits you with a +0 falchion.
The orc attacks as you move away! The orc misses you.
The orc attacks as you move away! The orc hits you with a +0 falchion.
There is a stone staircase leading up here.
The orc closely misses you.
You fly upwards.
There is a stone staircase leading down here.
You completely miss the orc. The orc hits you with a +0 falchion. x2
You completely miss the orc. The orc hits you with a +0 falchion.
* * * LOW HITPOINT WARNING * * *
You feel yourself speed up. The orc hits you with a +0 falchion.
You die...

# #.
##.####
#.....#
#.....#
.##.....#
.......@#
.#.#..o..#
#.....#
#.....#
#.....#
#.....#
#.....#
#.....#


You could see an orc.

Vanquished Creatures
  A ball python (D:4)
  A hobgoblin (D:4)
  A kobold (D:4)
3 creatures vanquished.

Notes
Turn   | Place    | Note
-------+----------+-------------------------------------------
     0 | D:5      | Jannitor the Djinni Delver began the quest for the Orb.
     0 | D:5      | Reached XP level 1. HP: 20/20 MP: 0/0
    55 | D:5      | Noticed an ice beast
   123 | D:5      | Noticed an iguana
   198 | D:5      | Noticed a jelly
   267 | D:4      | Noticed an orc warrior
   364 | D:3      | Slain by an orc

Illustrated notes

Levels and vault maps discovered:
D:3:      layout_basic, nicolae_kikubaaqudgha_miasma_corner,
          mainiacjoe_overflow_chevrons, minmay_close_crescents
D:4:      layout_gridville, minmay_temple_entry_statues_pillars,
          uniq_blork_the_orc
D:5:      layout_basic, minmay_ogre_servants

Action                     || total
---------------------------++-------
  Melee: Falchion          ||     9
  Evoke: Wand              ||     3
    Use: Scroll            ||     2
         Potion            ||     1
 Armour: Leather armour    ||     2
  Dodge: Dodged            ||     7
